 Dungeon Crawl Stone Soup version 0.27-a0-1200-g94dc6ad4cf (webtiles) character file.

Game seed: 4985182695573930238

34 EldarEldrad the Bolt Thrower (level 3, -1/22 HPs)
             Began as a Gargoyle Hunter on May 30, 2021.
             Frozen to death by an endoplasm (4 damage)
             ... on level 2 of the Dungeon.
             The game lasted 00:06:59 (1318 turns).

EldarEldrad the Bolt Thrower (Gargoyle Hunter)      Turns: 1318, Time: 00:06:59

Health: -1/22      AC:  8    Str: 15    XL:     3   Next: 31%
Magic:  3/3        EV: 10    Int: 11    God:
Gold:   58         SH:  0    Dex: 11    Spells: 2/2 levels left

rFire    . . .     SeeInvis .   b - +0 club
rCold    . . .     Faith    .   (no shield)
rNeg     + . .     Spirit   .   f - +0 ring mail
rPois    ∞         Reflect  .   (no helmet)
rElec    +         Harm     .   (no cloak)
rCorr    .         Rampage  .   (no gloves)
Will     .....                  (no boots)
Stlth    +.........             (no amulet)
HPRegen  0.07/turn              (no ring)
MPRegen  0.08/turn              (no ring)

@: no status effects
A: sickness immunity, AC +3, negative energy resistance 1, electricity
resistance, torment resistance 1, petrification resistance
a: no special abilities


You were on level 2 of the Dungeon.
You visited 1 branch of the dungeon, and saw 2 of its levels.

You collected 58 gold pieces.

Inventory:

Hand Weapons
 a - a +1 hand crossbow
 b - a +0 club (weapon)
Missiles
 d - 8 bolts
 g - 17 poisoned darts
Armour
 f - a +0 ring mail (worn)
Scrolls
 c - a scroll of amnesia {unknown}
Potions
 e - a potion of lignification {unknown}


   Skills:
 + Level 2.9 Fighting
 + Level 0.6 Maces & Flails
 + Level 4.3 Crossbows
 + Level 1.4 Armour
 - Level 1.5 Dodging
 - Level 1.1 Stealth


You had 2 spell levels left.
You didn't know any spells.
Your spell library was empty.

Dungeon Overview and Level Annotations

Branches:
Dungeon (2/15)

Altars:


Innate Abilities, Weirdness & Mutations

You are immune to sickness and miasma.
Your stone body is resilient. (AC +3)
You are immune to poison.
You resist negative energy. (rN+)
You are resistant to electric shocks. (rElec)
You are resistant to unholy torment.
You are immune to petrification.


Message History

The hobgoblin hits you but does no damage.
The endoplasm jiggles.
The endoplasm freezes you.
You are frozen.
You hit the hobgoblin.
The hobgoblin is moderately wounded.
The hobgoblin hits you but does no damage.
The endoplasm freezes you.
You are frozen.
The hobgoblin hits you but does no damage.
You hit the hobgoblin.
The hobgoblin is severely wounded.
The endoplasm freezes you.
You are frozen.
The hobgoblin hits you but does no damage.
You closely miss the hobgoblin.
The hobgoblin is severely wounded.
The endoplasm closely misses you. The hobgoblin barely misses you.
The endoplasm hits you but does no damage.
You hit the hobgoblin.
The hobgoblin is almost dead.
The hobgoblin hits you. The endoplasm freezes you.
You are frozen.
You hit the hobgoblin but do no damage.
The hobgoblin is almost dead.
The hobgoblin closely misses you. The endoplasm freezes you.
You are frozen.
* * * LOW HITPOINT WARNING * * *
The hobgoblin hits you but does no damage.
You hit the hobgoblin.
You kill the hobgoblin!
The endoplasm hits you.
* * * LOW HITPOINT WARNING * * *
Unknown command.
You hit the endoplasm but do no damage. The endoplasm freezes you.
You are frozen.
You die...

..P.P..# # ##.
###.P...P#.# ##
....⌠..P#.## #
. .P⌠⌠≈P..... #
..###.P......#
#
......P......#
..g..P.......#
. #. #?J.# .#
#.##.##@####..#
..............#
.............##
........######
###.......#
#.###.#.# ...
#.#.# ..# #.#.#
## #.#.#


You could see an endoplasm.

Vanquished Creatures
  2 dart slugs (D:1)
  2 ball pythons (D:1)
  5 bats (D:1)
  A giant cockroach (D:1)
  4 goblins (D:1)
  3 hobgoblins
  4 jackals (D:1)
  3 kobolds (D:1)
  A frilled lizard (D:1)
  A rat (D:1)
26 creatures vanquished.

Vanquished Creatures (others)
  A fungus (D:2)
  2 plants (D:2)
3 creatures vanquished.

Grand Total: 29 creatures vanquished

Notes
Turn   | Place    | Note
-------+----------+-------------------------------------------
     0 | D:1      | EldarEldrad the Gargoyle Hunter began the quest for the
                  | Orb.
     0 | D:1      | Reached XP level 1. HP: 12/12 MP: 1/1
    65 | D:1      | Reached XP level 2. HP: 18/18 MP: 2/2
   264 | D:1      | Reached skill level 1 in Armour
   638 | D:1      | Reached XP level 3. HP: 22/22 MP: 3/3
  1318 | D:2      | Frozen to death by an endoplasm

Illustrated notes

Levels and vault maps discovered:
D:1:      sevenhm_arrival_forest_fort_large_3, layout_basic
D:2:      layout_loops_ring, shapermc_ecumenical_altar_mp_ritualfount

Skill      XL: |  1  2 |
---------------+-------+-----
Armour         | 1 |  1.4
Fighting       | |  2.9
Maces & Flails | |  0.6
Crossbows      | |  4.3
Dodging        | |  1.5
Stealth        | |  1.1

Action                   || total
-------------------------++-------
Melee: Club              ||    11
 Fire: Hand crossbow     ||    63
Armor: Leather armour    ||     5
       Ring mail         ||    14
Dodge: Dodged            ||    35

Table legend: (Time is in decaauts)
 A = Elapsed time spent in this place.
 B = Non-inter-level travel time spent in this place.
 C = Inter-level travel time spent in this place.
 D = Time resting spent in this place.
 E = Time spent auto-exploring this place.
 F = Levels seen in this place.
 G = Mean time per level.
                   A        B        C        D        E       F      G
               +--------+--------+--------+--------+--------+-----+--------+
         Total |   1338 |   1307 |     31 |     46 |    856 |   2 |  669.0 |
       Dungeon |   1338 |   1307 |     31 |     46 |    856 |   2 |  669.0 |
               +--------+--------+--------+--------+--------+-----+--------+

Top non-repeatable levels by time:
     D:1: 1122 daAuts
     D:2: 215 daAuts
